 Dungeon Crawl Stone Soup version 0.31-a0-192-ga50d7bf3bb (webtiles) character file.

Game seed: 4975275971533470175

298 Gargoyl the Trooper (level 6, -3/58 HPs)
             Began as a Gargoyle Berserker on June 24, 2023.
             Was a Believer of Trog.
             Slain by a hobgoblin (5 damage)
             ... on level 4 of the Dungeon.
             The game lasted 00:04:00 (3282 turns).

Gargoyl the Trooper (Gargoyle Berserker)            Turns: 3282, Time: 00:04:00

Health: -3/58      AC: -3    Str: 20    XL:     6   Next: 36%
Magic:  6/6        EV: 11    Int:  8    God:    Trog [**....]
Gold:   142        SH:  0    Dex: 11    Spells: 5/5 levels left

rFire   . . .        a - +1 hand axe
rCold   . . .        (no shield)
rNeg    + . .        d - +0 ring mail
rPois   ∞            (no helmet)
rElec   +            (no cloak)
rCorr   .            j - +0 pair of gloves
SInv    .            c - +0 pair of boots
Will    .....        (no amulet) Stlth
                     (no ring)
HPRegen 0.29/turn    (no ring)
MPRegen 0.10/turn

%: no passive effects
@: berserking, corroded, very quick
A: sickness immunity, AC +4, negative energy resistance 1, electricity
resistance, torment resistance 1, petrification resistance
a: Renounce Religion, Berserk, Trog's Hand


You were on level 4 of the Dungeon.
You worshipped Trog.
Trog was pleased with you.
You visited 1 branch of the dungeon, and saw 4 of its levels.

You collected 142 gold pieces.

Inventory:

Hand Weapons
 a - a +1 hand axe (weapon)
 i - the +0 falchion of the Other Side {holy, Will+ Dex+4}
   (You took it off a hobgoblin on level 2 of the Dungeon)

   Dex:       It affects your dexterity (+4).
   Will:      It increases your willpower.
Missiles
 g - 2 throwing nets
Armour
 c - a +0 pair of boots (worn)
 d - a +0 ring mail (worn)
 j - a +0 pair of gloves (worn)
Jewellery
 b - a ring of resist corrosion
Wands
 f - a wand of iceblast (8)
Scrolls
 k - 2 scrolls of blinking
Potions
 e - a potion of lignification


   Skills:
 + Level 4.6 Fighting
 + Level 0.5 Long Blades
 + Level 4.6 Axes
 + Level 3.1 Armour
 + Level 2.5 Dodging
 + Level 0.6 Stealth


You had 5 spell levels left.
You didn't know any spells.
Your spell library was empty.

Dungeon Overview and Level Annotations

Branches:
Dungeon (4/15)
 Temple: D:4-7

Altars:
Qazlal
Yredelemnul


Innate Abilities, Weirdness & Mutations

You are immune to sickness and miasma.
Your stone body is resilient. (AC +4)
You are immune to poison.
You resist negative energy. (rN+)
You are resistant to electric shocks. (rElec)
You are resistant to unholy torment.
You are immune to petrification.


Message History

You now have 136 gold pieces (gained 11).
You see here a +1 leather armour of fire resistance.
You now have 142 gold pieces (gained 6).
Found an escape hatch in the ceiling.
A jelly comes into view.
The jelly quivers.
A jelly is nearby!
A jelly is nearby!
A hobgoblin comes into view.
Found 15 gold pieces.
The hobgoblin shouts!
There is an escape hatch in the ceiling here.
The jelly hits you but does no damage.
You barely miss the jelly. The jelly hits you but does no damage.
You hit the jelly. The acid corrodes you!
Your hands burn!
The jelly is moderately wounded.
The jelly hits you but does no damage.
You hit the jelly. The acid corrodes you!
Your hands burn!
The jelly is moderately wounded.
The jelly hits you but does no damage.
You hit the jelly but do no damage.
Your hands burn!
The jelly is moderately wounded.
The jelly hits you. The acid corrodes you!
You are splashed with acid!
You hit the jelly.
Your hands burn!
The jelly is heavily wounded.
You closely miss the hobgoblin. The hobgoblin barely misses you.
The jelly hits you. The acid corrodes you!
You are splashed with acid.
* * * LOW HITPOINT WARNING * * *
A red film seems to cover your vision as you go berserk!
You feel yourself moving faster!
You feel mighty! The hobgoblin hits you.
* * * LOW HITPOINT WARNING * * *
The jelly hits you.
* * * LOW HITPOINT WARNING * * *
You are splashed with acid.
* * * LOW HITPOINT WARNING * * *
You hit the jelly.
Your hands burn!
* * * LOW HITPOINT WARNING * * *
The jelly is severely wounded.
You hit the hobgoblin but do no damage. The hobgoblin hits you.
You die...

.........# #.#
#.########...
##.######### ....#
#...###+## #..........##
....# #........#
#............ ....#
#........# #.######....#
#'### #........###.##
#.....# #'#####
.........##...# #.....#
......# .......J.##...#
#...... ......#
..$...g@.##...# #..####
......# #######<###...#
#.## ......# #.###...#
##.# ......#
#.......###..# ......#
#########....# ......#
#########.###..##.#
......#
#.................#
......#
###.##########..######
####..#
#......................#


You could see a jelly and a hobgoblin.

Vanquished Creatures
  A black bear (D:4)
  A jelly (D:4)
  An iguana (D:4)
  7 adders
  A worm (D:4)
  2 dart slugs
  6 orcs (D:3)
  5 bats
  6 endoplasms
  3 giant cockroaches
  5 goblins
  9 hobgoblins
  10 jackals
  7 kobolds
  A quokka (D:3)
  7 ball pythons
  3 frilled lizards
  4 rats
79 creatures vanquished.

Notes
Turn   | Place    | Note
-------+----------+-------------------------------------------
     0 | D:1      | Gargoyl the Gargoyle Berserker began the quest for the Orb.
     0 | D:1      | Reached XP level 1. HP: 14/14 MP: 1/1
   394 | D:1      | Reached XP level 2. HP: 19/19 MP: 2/2
  1008 | D:2      | Reached XP level 3. HP: 24/24 MP: 3/3
  1112 | D:2      | Reached ** piety under Trog
  1422 | D:2      | Reached XP level 4. HP: 28/29 MP: 4/4
  1474 | D:2      | Identified the +0 falchion of the Other Side {holy, Will+
                  | Dex+4}
  2337 | D:3      | Reached XP level 5. HP: 33/33 MP: 5/5
  3134 | D:4      | Noticed a black bear
  3142 | D:4      | Killed a black bear
  3143 | D:4      | Reached XP level 6. HP: 39/39 MP: 6/6
  3191 | D:4      | Found a basalt altar of Yredelemnul.
  3216 | D:4      | Found a stormy altar of Qazlal.
  3282 | D:4      | HP: 1/58 [acid (5)]
  3282 | D:4      | Slain by a hobgoblin

Illustrated notes

Levels and vault maps discovered:
D:1:      giann_horns, layout_loops_corners
D:2:      minmay_skewed_foursquare, layout_basic, grunt_ministairs_5,
          minmay_strange_pillars
D:3:      layout_loops_ring
D:4:      layout_basic, grunt_temple_overflow_open, uniq_pikel

Skill      XL: |  1  2  3  4  5 |
---------------+----------------+-----
Axes           | 3 4 |  4.6
Fighting       | 4 |  4.6
Dodging        | 2 |  2.5
Armour         | 3 |  3.1
Long Blades    | |  0.5
Stealth        | |  0.6

Action                     |  1- 3 |  4- 6 || total
---------------------------+-------+-------++-------
  Melee: Hand axe          |   103 |   135 ||   238
         Punch             |     1 |     1 ||     2
         Falchion          |       |    31 ||    31
 Invoke: Berserk           |       |     4 ||     4
         Trog's Hand       |       |     1 ||     1
    Use: Scroll            |     3 |     3 ||     6
 Armour: Ring mail         |    61 |   126 ||   187
  Dodge: Dodged            |    98 |   164 ||   262

Table legend: (Time is in decaauts)
 A = Elapsed time spent in this place.
 B = Non-inter-level travel time spent in this place.
 C = Inter-level travel time spent in this place.
 D = Time resting spent in this place.
 E = Time spent auto-exploring this place.
 F = Levels seen in this place.
 G = Mean time per level.
                   A        B        C        D        E       F      G
               +--------+--------+--------+--------+--------+-----+--------+
         Total |   3359 |   3282 |     77 |      0 |   2396 |   4 |  839.8 |
       Dungeon |   3359 |   3282 |     77 |      0 |   2396 |   4 |  839.8 |
               +--------+--------+--------+--------+--------+-----+--------+

Top non-repeatable levels by time:
     D:2: 1373 daAuts
     D:1: 899 daAuts
     D:3: 723 daAuts
     D:4: 362 daAuts
